 Dungeon Crawl Stone Soup version 0.19.1 (webtiles) character file.

571020 Haldmier the Portalist (level 25, -11/177 HPs)
             Began as a High Elf Fighter on Nov 28, 2016.
             Was the Champion of Dithmenos.
             Mangled by a death cob (21 damage)
             ... on level 3 of the Realm of Zot on Nov 30, 2016.
             The game lasted 10:19:52 (82075 turns).

Haldmier the Portalist (High Elf Fighter)          Turns: 82075, Time: 10:19:52

Health: -11/177    AC: 33    Str: 17    XL:     25   Next: 64%
Magic:  0/30       EV: 20    Int: 19    God:    Dithmenos [******]
Gold:   4048       SH: 19    Dex: 18    Spells: 9 memorised, 2 levels left

rFire  + + .     SeeInvis +     I - +9 demon blade (vamp)
rCold  + . .     Gourm    .     a - +8 fire dragon scales {Xtahua}
rNeg   + . .     Faith    .     W - +5 shield "Ebimpergh" {rPois Regen+ Str-5}
rPois  +         Spirit   +     c - +2 hat {Spirit}
rElec  +         Reflect  .     G - +2 cloak {MR+}
rCorr  +         Harm     .     g - +2 pair of gloves "Mixtats" {rC++ rCorr Int-4}
MR     +++..                    D - +2 pair of boots {Fly}
Stlth  +++++++...               H - amulet of regeneration
                                L - ring "Niofey" {+Blink rN+ Str+2 Int+4 SInv}
                                F - ring of the Doge {+Blink rElec rPois Int+3 SInv}

@: about to teleport, flying, very slightly contaminated, hasted and slowed,
wreathed by umbra
A: clumsy 1, low mp 1, electricity resistance, MP-powered wands
a: Shadow Step, Shadow Form, Renounce Religion, Evoke Blink, Stop Flying
}: 3/15 runes: decaying, slimy, gossamer


You were on level 3 of the Realm of Zot.
You worshipped Dithmenos.
Dithmenos was exalted by your worship.
You were hungry.

You visited 11 branches of the dungeon, and saw 53 of its levels.
You visited the Abyss 1 time.
You also visited: Labyrinth, Ossuary and Bailey.

You collected 6262 gold pieces.
You spent 2214 gold pieces at shops.

Inventory:

Hand Weapons
 l - the +9 falchion of the Poles {freeze, rF+}
   (You bought it in a shop on level 7 of the Dungeon)

   It has been specially enchanted to freeze those struck by it, causing extra
   injury to most foes and up to half again as much damage against particularly
   susceptible opponents.
   It can also slow down cold-blooded creatures.
   It protects you from fire.
 I - a +9 vampiric demon blade (weapon)
Missiles
 o - 24 tomahawks of returning (quivered)
Armour
 a - +8 fire dragon scales (worn) {Xtahua}
 c - a +2 hat of spirit shield (worn)
 g - the +2 pair of gloves "Mixtats" (worn) {rC++ rCorr Int-4}
   (You acquired it on level 1 of the Lair of Beasts)

   It affects your intelligence (-4).
   It greatly protects you from cold.
   It protects you from acid and corrosion.
 D - a +2 pair of boots of flying (worn)
 G - a +2 cloak of magic resistance (worn)
 P - a +0 cloak of invisibility
 W - the +5 shield "Ebimpergh" (worn) {rPois Regen+ Str-5}
   (You found it on level 4 of the Depths)

   It affects your strength (-5).
   It protects you from poison.
   It increases your rate of regeneration.
Jewellery
 p - an uncursed ring of protection from magic
 s - an uncursed ring of positive energy
 F - the ring of the Doge (left hand) {+Blink rElec rPois Int+3 SInv}
   (You found it on level 5 of the Pits of Slime)

   [ring of see invisible]

   It affects your intelligence (+3).
   It insulates you from electricity.
   It protects you from poison.
   It lets you see invisible.
   It lets you blink.
 H - an amulet of regeneration (around neck)
 L - the ring "Niofey" (right hand) {+Blink rN+ Str+2 Int+4 SInv}
   (You found it on level 2 of the Depths)

   [ring of see invisible]

   It affects your strength (+2).
   It affects your intelligence (+4).
   It protects you from negative energy.
   It lets you see invisible.
   It lets you blink.
Wands
 b - a wand of teleportation (4/9)
 E - a wand of heal wounds (5/9)
 K - a wand of hasting (8/9)
Scrolls
 e - 17 scrolls of remove curse
 i - 14 scrolls of identify
 k - 4 scrolls of magic mapping
 n - a scroll of enchant weapon
 v - 2 scrolls of blinking
 w - a scroll of silence
 S - 2 scrolls of fear
 T - 4 scrolls of fog
 U - 2 scrolls of teleportation
Potions
 d - 2 potions of might
 h - 4 potions of heal wounds
 j - 18 potions of curing
 r - 2 potions of resistance
 u - a potion of haste
 A - 3 potions of agility
 C - 4 potions of cancellation
 X - 2 potions of invisibility
Miscellaneous
 x - a fan of gales
 M - 5 boxes of beasts
 N - a phantom mirror
 R - a disc of storms
Comestibles
 f - 24 bread rations
 y - a royal jelly
 z - 12 fruits
 Y - 28 meat rations
 Z - 3 slices of pizza


   Skills:
 - Level 16.0 Fighting
 - Level 14.1 Long Blades
 - Level 16.7 Throwing
 - Level 13.6 Armour
 - Level 15.7 Dodging
 - Level 13.5 Stealth
 - Level 15.1 Shields
 - Level 4.0 Spellcasting
 - Level 5.0 Charms
 - Level 5.0 Summonings
 + Level 25.4 Translocations
 - Level 6.0 Air Magic
 - Level 13.0 Evocations


You had 2 spell levels left.
You knew the following spells:

 Your Spells              Type           Power        Failure   Level  Hunger
a - Shroud of Golubria    Chrm/Tloc      ######....   1%          2    ##.....
b - Blink                 Tloc           N/A          0%          2    ##.....
c - Portal Projectile     Tloc           ######       0%          3    ###....
d - Apportation           Tloc           #######...   0%          1    None
e - Summon Butterflies    Summ           ###.....     6%          1    None
f - Lesser Beckoning      Tloc           #######...   0%          3    ###....
g - Controlled Blink      Tloc           N/A          12%         8    #######
h - Swiftness             Chrm/Air       ###.....     8%          2    ##.....
i - Disjunction           Tloc           #######...   12%         8    #######


Dungeon Overview and Level Annotations

Branches:
Dungeon (15/15)            Temple (1/1) D:5            Lair (6/6) D:8
  Swamp (4/4) Lair:2       Spider (4/4) Lair:4        Slime (5/5) Lair:5
    Orc (2/2) D:10            Elf (3/3) Orc:2        Vaults (4/5) D:14
  Crypt (0/3) Vaults:2     Depths (5/5) D:15            Zot (4/5) Depths:5

Altars:
Ashenzari
Cheibriados
Dithmenos
Elyvilon
Fedhas
Gozag
Hepliaklqana
Kikubaaqudgha
Makhleb
Nemelex Xobeh
Okawaru
Qazlal
Ru
Sif Muna
Trog
Uskayaw
Vehumet
Xom
Yredelemnul
Zin
The Shining One
Beogh
Jiyva

Shops:
D:4 !   D:5 }   D:7 *(}(   D:8 [   D:14 ([%(}   Orc:2 [**:   Elf:3 %
Depths:1 *

Portals:
Hell: Depths:1 Depths:2 Depths:3 Depths:4 Depths:5
Abyss: Depths:3 Depths:4
Pandemonium: Depths:3
Ziggurat: Depths:1

Annotations:
Lair:6 exclusion: door
Depths:1 Manual behind crystal + fog


Innate Abilities, Weirdness & Mutations

You are clumsy. (Dex -2)
Your magical capacity is low. (-10% MP)
You are resistant to electric shocks. (rElec)
You expend magic power (3 MP) to strengthen your wands.


Message History

The death cob barely misses you. The smoke demon gestures at you.
Something smites you!
* * * LOW HITPOINT WARNING * * *
You regained 16 hp, and now have 19/177 hp.
Okay, then.
There are monsters nearby!
Unknown command.
As you read the scroll of teleportation, it crumbles to dust.
You feel strangely unstable.
You feel the Orb delaying your translocation!
You are feeling hungry.
You block the death cob's attack. The death cob closely misses you.
You block the death cob's attack.
The death cob hits you but does no damage.
The red draconian zealot calls down the wrath of its god upon you.
Something smites you!
* * * LOW HITPOINT WARNING * * *
The death cob hits you!!
You die...

...........##.####.......#
##'######+###.##.........#
.#.#### #.# #.##3.....>..#
......# #.# #.##3........#
...##.# #.# #.##d.3......#
#####.# #.# #.##..d......#
#.# #.# #.##Ddq......# #.#
#.# #.##zzq.....<#
#.###.###.##@q.......#
#.........##.........#
#.##########.........#
#..........'.........#
############..<.)....#
###########


You could see a storm dragon, a black draconian, a purple draconian, a red
draconian, 2 death cobs, a red draconian zealot, a mottled draconian
annihilator, a green draconian scorcher, a soul eater, a smoke demon and a
ynoxinul.

Vanquished Creatures
  An ancient lich (Depths:3)
  Mara (Swamp:4)
  Sojobo (Vaults:2)
  2 greater mummies (Depths:3)
  the Lernaean hydra (Swamp:4)
  Frederick (Depths:5)
  Xtahua (Vaults:2)
  Bai Suzhen (Depths:2)
  Saint Roka (Vaults:1)
  A curse toe (Zot:3)
  Jory (Vaults:3)
  4 golden dragons
  A bone dragon (Vaults:2)
  An electric golem (Zot:1)
  Rupert (Lair:4)
  Jorgrun (Swamp:3)
  3 liches
  10 tentacled monstrosities
  3 deep elf blademasters
  2 deep elf master archers (Elf:3)
  14 acid blobs
  8 quicksilver dragons
  Asterion (Elf:3)
  12 death cobs
  An acid blob (shapeshifter) (Depths:4)
  A sphinx (shapeshifter) (Depths:4)
  7 sphinxes
  Agnes (Spider:2)
  9 shadow dragons
  Kirke (Swamp:3)
  An azure jelly (shapeshifter) (Depths:4)
  6 storm dragons
  Roxanne (D:14)
  6 azure jellies
  4 fire giants
  6 frost giants
  3 draconian knights (Zot:4)
  2 tengu reavers (Vaults:2)
  6 ghost moths
  14 vault wardens
  10 emperor scorpions
  An orc warlord (Vaults:3)
  3 deep elf sorcerers (Elf:3)
  6 draconian zealots
  4 draconian scorchers
  A juggernaut zombie (D:15)
  An iron dragon (shapeshifter) (Depths:4)
  7 draconian shifters
  A draconian annihilator (Zot:4)
  Aizul (Spider:2)
  2 spriggan defenders (Depths:3)
  A deep elf elementalist (Elf:3)
  14 ironheart preservers
  21 stone giants
  6 draconian callers
  5 war gargoyles
  18 very ugly things
  4 black draconians
  7 entropy weavers
  3 vampire knights
  7 green draconians
  5 red draconians
  6 mottled draconians
  2 dire elephants (Lair:6)
  6 white draconians
  4 yellow draconians
  7 deep elf annihilators (Elf:3)
  4 spark wasps (Depths:2)
  7 deep elf demonologists
  Azrael (D:15)
  5 purple draconians
  Snorg (Orc:2)
  15 crystal guardians (Depths:4)
  9 ettins
  A blizzard demon (Depths:4)
  8 deep elf death magi
  4 death oozes
  A minotaur (Lab)
  2 merfolk impalers
  Josephine (D:11)
  4 mummy priests (Depths:3)
  8 fire dragons
  13 ogre magi
  3 deep elf high priests (Elf:3)
  10 yaktaur captains
  12 great orbs of eyes
  4 ghost crabs
  6 rakshasas
  11 vault guards
  27 hydras
  9 ice dragons
  7 centaur warriors
  6 alligators
  5 spriggan air magi
  6 deep troll earth magi
  4 deep troll shamans
  A hell hog (shapeshifter) (Depths:4)
  A death knight (Vaults:1)
  3 vampire magi
  4 tengu warriors
  A thrashing horror (Abyss:3)
  48 dancing weapons
  2 spriggan berserkers
  Nergalle (D:8)
  2 titan zombies
  17 deep elf knights
  7 orc high priests
  A soul eater (Depths:2)
  12 hell knights
  3 iron trolls
  7 skeletal warriors
  A shadow wraith (Depths:3)
  A storm dragon skeleton (D:15)
  A spriggan druid (Swamp:4)
  11 unseen horrors
  6 small abominations
  An unseen horror (shapeshifter) (Elf:3)
  A death drake (Depths:2)
  12 deep trolls
  3 wizards
  9 glowing orange brains
  9 deep elf archers
  3 flayed ghosts
  3 large abominations (Depths:3)
  A shambling mangrove (Swamp:2)
  2 lindwurms
  10 hill giants
  4 harpies
  4 obsidian statues (Depths:4)
  17 ironbrand convokers
  A mana viper (shapeshifter) (Depths:4)
  26 orc knights
  4 swamp dragons
  18 orb spiders
  55 deep elf magi
  8 necromancers
  43 ugly things
  5 orc sorcerers
  A salamander (Depths:1)
  21 wolf spiders
  A faun (shapeshifter) (Vaults:4)
  A phantasmal warrior (D:14)
  A moth of wrath (shapeshifter) (Depths:4)
  5 cyclopes
  An oklob plant (Depths:2)
  A shining eye (shapeshifter) (Depths:2)
  5 shining eyes
  2 manticores
  A frost giant skeleton (Depths:3)
  9 elephants
  3 molten gargoyles (Depths:4)
  5 eyes of devastation
  2 guardian serpents (shapeshifter)
  25 moths of wrath
  An eye of devastation (shapeshifter) (Depths:4)
  4 black mambas
  4 gargoyles
  6 vault sentinels
  5 torpor snails
  5 rime drakes
  17 spiny frogs
  5 spectral swamp worms (Depths:3)
  3 centaur skeletons
  57 yaktaurs
  5 freezing wraiths
  2 kobold demonologists (D:13)
  4 guardian mummies (Depths:3)
  4 komodo dragons
  14 demonic crawlers
  35 jumping spiders
  4 tyrant leeches
  A meliai (shapeshifter) (Vaults:2)
  A shadow dragon simulacrum (Vaults:4)
  2 wind drakes (Depths:4)
  21 blink frogs
  9 trolls
  A wind drake (shapeshifter) (Depths:4)
  26 two-headed ogres
  20 bog bodies
  5 polar bears
  4 hippogriffs
  98 slime creatures
  A dream sheep (shapeshifter) (Depths:4)
  An ettin zombie (D:15)
  12 hornets
  6 dream sheep
  A meliai zombie (D:14)
  A fire dragon zombie (D:15)
  2 vampires
  6 spriggans
  A tarantella (shapeshifter) (Vaults:2)
  95 redbacks
  A spriggan (shapeshifter) (Depths:4)
  Sigmund (D:2)
  14 water elementals
  14 air elementals
  A shadow (Swamp:1)
  5 basilisks
  4 wraiths
  Eustachio (D:5)
  28 tarantellas
  4 wyverns
  A basilisk (shapeshifter) (Elf:1)
  50 yaks
  12 fire elementals
  A hungry ghost (D:14)
  34 vampire mosquitoes
  A golden eye (shapeshifter) (Vaults:2)
  8 golden eyes
  5 hogs (Swamp:3)
  Menkaure (D:5)
  3 human simulacra
  A yaktaur simulacrum (Vaults:3)
  2 chaos spawn (Depths:3)
  8 wargs
  Edmund (D:5)
  15 insubstantial wisps
  A mottled dragon (Vaults:1)
  20 swamp worms
  The ghost of dscm the Digger, an amateur OpEE (D:4)
  A hell hound (D:15)
  10 water moccasins
  3 floating eyes
  5 porcupines
  18 swamp drakes
  4 ice beasts
  55 orc warriors
  6 eyes of draining
  8 sky beasts
  2 phantoms
  An ice beast (shapeshifter) (Vaults:4)
  8 black bears
  An ogre (shapeshifter) (Elf:3)
  11 wolves
  4 boggarts (Vaults:2)
  40 ogres
  3 necrophages (D:7)
  10 centaurs
  11 crocodiles
  3 big kobolds
  A big kobold (shapeshifter) (Depths:4)
  A yaktaur skeleton (Vaults:1)
  12 bullfrogs
  11 earth elementals
  A glowing shapeshifter simulacrum (Vaults:1)
  2 wyvern skeletons
  5 scorpions
  A water moccasin skeleton (D:8)
  11 killer bees (D:10)
  4 howler monkeys
  15 wights
  2 crimson imps
  The ghost of dscm the Digger, a weakling OpEE (D:6)
  2 centaur zombies
  3 bullfrog zombies
  A quasit (D:10)
  4 hounds
  3 jellies
  38 orc priests
  16 orc wizards
  A bullfrog skeleton (D:5)
  A gnoll shaman (D:6)
  An iron imp (Depths:2)
  3 iguanas
  10 worker ants
  A hell rat (Orc:2)
  A hound skeleton (D:9)
  9 mummies
  2 worker ant zombies
  A howler monkey zombie (D:7)
  A howler monkey skeleton (D:5)
  11 gnolls
  18 adders
  4 shadow imps
  A white imp (Depths:5)
  3 oozes
  2 adder zombies
  2 adder skeletons
  5 worms
  9 ball lightnings (Depths:4)
  3 dart slugs
  8 leopard geckos
  99 orcs
  9 giant cockroaches
  16 goblins
  9 hobgoblins
  A hobgoblin (shapeshifter) (Depths:5)
  10 jackals
  27 kobolds
  7 quokkas
  12 bats
  2 frilled lizards
  A giant cockroach zombie (D:5)
  A gnoll zombie (Ossuary)
  3 hobgoblin zombies (Ossuary)
  A jackal skeleton (D:6)
  A kobold zombie (Ossuary)
  3 orc zombies (Ossuary)
  A quokka zombie (D:7)
  5 rats
  A bush (D:7)
  4 fungi
  A plant (D:7)
2318 creatures vanquished.

Vanquished Creatures (collateral kills)
  the Royal Jelly (Slime:5)
  An acid blob (Slime:5)
  An azure jelly (Slime:5)
  2 death oozes (Slime:5)
5 creatures vanquished.

Vanquished Creatures (others)
  A ghost moth (Zot:4)
  A dancing weapon (Elf:2)
  2 deep elf magi (Elf:1)
  A blink frog (shapeshifter) (Depths:3)
  2 blink frogs (Swamp:2)
  A human (Swamp:3)
  An ogre (Depths:2)
  A centaur (D:15)
  A worker ant (D:4)
  A hound skeleton (D:4)
  2 ball lightnings (Depths:4)
  A bush (Lair:4)
  14 fungi
  2 plants
  2 withered plants (D:15)
33 creatures vanquished.

Grand Total: 2356 creatures vanquished

Notes
Turn   | Place    | Note
-------+----------+-------------------------------------------
     0 | D:1      | Haldmier the High Elf Fighter began the quest for the Orb.
     0 | D:1      | Reached XP level 1. HP: 16/16 MP: 2/2
    76 | D:1      | Reached XP level 2. HP: 13/21 MP: 3/3
   516 | D:1      | Reached XP level 3. HP: 23/26 MP: 4/4
   965 | D:2      | Reached skill level 5 in Long Blades
   969 | D:2      | Reached XP level 4. HP: 21/31 MP: 5/5
  2079 | D:2      | Reached XP level 5. HP: 27/36 MP: 6/6
  2532 | D:2      | Noticed Sigmund
  3305 | D:4      | Noticed dscm's ghost (amateur OpEE)
  3371 | D:4      | Found Caxuq's Distillery.
  3387 | D:4      | Found a hazy altar of Hepliaklqana.
  3419 | D:4      | Noticed an ogre
  3463 | D:3      | Killed an ogre
  3463 | D:3      | Reached XP level 6. HP: 34/42 MP: 7/7
  3573 | D:4      | Found a sand-covered staircase.
  3610 | Ossuary  | Entered an ossuary
  4778 | D:4      | Killed dscm's ghost
  4778 | D:4      | Reached XP level 7. HP: 42/46 MP: 8/8
  4840 | D:4      | Found a burning altar of Makhleb.
  5002 | D:4      | Found a radiant altar of Vehumet.
  5230 | D:4      | Found a sparkling altar of Nemelex Xobeh.
  5336 | D:4      | Bought a potion of mutation for 27 gold pieces
  5336 | D:4      | Bought a potion of lignification for 33 gold pieces
  5352 | D:5      | Entered Level 5 of the Dungeon
  5434 | D:5      | Reached skill level 10 in Long Blades
  5434 | D:5      | Reached skill level 1 in Dodging
  5474 | D:5      | Found Jinnemau's Gadget Shop.
  5981 | D:5      | Noticed Menkaure
  6271 | D:5      | Killed Menkaure
  6271 | D:5      | Reached XP level 8. HP: 6/52 MP: 9/9
  6541 | D:5      | Found a snail-covered altar of Cheibriados.
  6766 | D:5      | Found a staircase to the Ecumenical Temple.
  6786 | Temple   | Entered the Ecumenical Temple
  6855 | Temple   | Became a worshipper of Dithmenos the Shadowed
  7019 | D:6      | Noticed dscm's ghost (weakling OpEE)
  7061 | D:6      | Killed dscm's ghost
  7393 | D:2      | Killed Sigmund
  7465 | D:6      | Noticed Edmund
  8094 | D:6      | Noticed Eustachio
  8114 | D:6      | Reached XP level 9. HP: 56/58 MP: 10/10
  8143 | D:5      | Killed Eustachio
  8283 | D:6      | Reached * piety under Dithmenos
  8574 | D:5      | Killed Edmund
  8760 | D:7      | Found Noxof's Antique Weapon Shop.
  8760 | D:7      | Found Moleidul's Gadget Emporium.
  8807 | D:7      | Found Hergha Juivu's Assorted Antiques.
  8878 | D:7      | Reached skill level 5 in Shields
  8960 | D:7      | Reached skill level 5 in Fighting
  9227 | D:7      | Found Plog's Antique Weapon Shop.
  9230 | D:7      | Bought an ichor-stained falchion for 224 gold pieces
  9230 | D:7      | Identified the +9 falchion of the Poles {freeze, rF+} (You bought it in a shop on level 7 of the Dungeon)
  9254 | D:7      | Bought a smoking longbow for 190 gold pieces
  9260 | D:7      | Identified the +4 longbow of Contention {freeze, Str+3} (You bought it in a shop on level 7 of the Dungeon)
  9281 | D:7      | Bought a large cameo amulet for 130 gold pieces
  9425 | D:7      | Found a blossoming altar of Fedhas.
  9549 | D:7      | Reached skill level 5 in Armour
  9555 | D:7      | Reached skill level 5 in Dodging
  9659 | D:8      | Found Rungip's Armour Shop.
  9702 | D:8      | Reached XP level 10. HP: 53/67 MP: 7/11
  9854 | D:8      | Found a staircase to the Lair.
  9999 | D:8      | Reached ** piety under Dithmenos
 10722 | Lair:1   | Entered Level 1 of the Lair of Beasts
 10738 | Lair:1   | Noticed Nergalle
 10923 | D:9      | Found an opulent altar of Gozag.
 11460 | D:9      | Reached *** piety under Dithmenos
 11867 | D:8      | Killed Nergalle
 12418 | Lair:1   | Reached XP level 11. HP: 74/74 MP: 12/12
 12886 | Lair:2   | Found a staircase to the Swamp.
 13684 | Lair:2   | Noticed a six-headed hydra
 13715 | Lair:2   | Killed a ten-headed hydra
 13897 | Lair:2   | Reached **** piety under Dithmenos
 14930 | Lair:4   | Reached skill level 1 in Evocations
 15463 | Lair:4   | Reached XP level 12. HP: 82/82 MP: 15/15
 15486 | Lair:4   | Found a hole to the Spider Nest.
 15879 | Lair:4   | Noticed an eight-headed hydra
 15895 | Lair:4   | Killed an eight-headed hydra
 16738 | Lair:5   | Reached skill level 5 in Evocations
 16854 | Lair:5   | Reached skill level 1 in Stealth
 17069 | Lair:5   | Found a viscous altar of Jiyva.
 17070 | Lair:5   | Found a staircase to the Slime Pits.
 17570 | Lair:6   | Entered Level 6 of the Lair of Beasts
 18205 | Lair:6   | Noticed an eight-headed hydra
 18225 | Lair:6   | Killed an eight-headed hydra
 18281 | Lair:6   | Noticed a seven-headed hydra
 18317 | Lair:6   | Killed a seven-headed hydra
 18494 | Lair:6   | Reached ***** piety under Dithmenos
 18555 | Lair:6   | Reached XP level 13. HP: 77/90 MP: 16/19
 18964 | Lair:6   | Got a faintly glowing ring mail
 19315 | Lair:6   | Reached skill level 5 in Stealth
 19779 | Lair:6   | Noticed a dire elephant
 19866 | Lair:6   | Noticed a dire elephant
 20270 | Lair:6   | Killed a dire elephant
 20535 | Lair:6   | Killed a dire elephant
 20931 | Lair:1   | Identified the +4 ring mail of the Turtledove {Int+3} (You found it on level 6 of the Lair of Beasts)
 20993 | Lair:1   | Identified a scroll of acquirement
 20994 | Lair:1   | Got a pair of shimmering gloves
 21005 | Lair:1   | Identified the +2 pair of gloves "Mixtats" {rC++ rCorr Int-4} (You acquired it on level 1 of the Lair of Beasts)
 21038 | D:10     | Entered Level 10 of the Dungeon
 21120 | D:10     | Found a roughly hewn altar of Beogh.
 21120 | D:10     | Found a staircase to the Orcish Mines.
 21229 | D:10     | Reached skill level 10 in Dodging
 21477 | D:10     | Found a flagged portal.
 21486 | Bailey   | Entered a bailey
 21784 | Bailey   | Got a fine ring mail
 22164 | D:10     | Identified the +5 ring mail of Jiziy {rF+ MR+} (You found it in a bailey)
 22748 | Orc:1    | Entered Level 1 of the Orcish Mines
 22761 | Orc:1    | Reached skill level 10 in Fighting
 22858 | D:10     | Reached ****** piety under Dithmenos
 22972 | Orc:1    | Reached skill level 1 in Throwing
 23182 | Orc:2    | Entered Level 2 of the Orcish Mines
 23234 | Orc:2    | Noticed a stone giant
 23406 | Orc:2    | Killed a stone giant
 24091 | Orc:2    | Reached XP level 14. HP: 99/99 MP: 21/21
 24451 | Orc:2    | Found a staircase to the Elven Halls.
 24685 | Orc:2    | Noticed Snorg
 24696 | Orc:2    | Killed Snorg
 24999 | Orc:2    | Gained mutation: You are clumsy. (Dex -2) [a neqoxec]
 25388 | Orc:2    | Reached skill level 10 in Shields
 25568 | Orc:2    | Found Gaxkiewa's Book Emporium.
 25571 | Orc:2    | Found Ecaegoysm's General Store.
 25572 | Orc:2    | Found Ynibey's Antique Armour Emporium.
 25573 | Orc:2    | Found Gewubau's General Store.
 25587 | Orc:2    | Bought a warped plate armour for 924 gold pieces
 25597 | Orc:2    | Identified the +4 plate armour of Cowardice {rN++ Str+4 Int+2 Dex-5} (You bought it in a shop on level 2 of the Orcish Mines)
 26051 | D:11     | Noticed Josephine
 26110 | D:11     | Killed Josephine
 27625 | D:13     | Found a labyrinth entrance.
 27643 | Lab      | Entered a labyrinth
 28064 | Lab      | Reached skill level 5 in Throwing
 28098 | Lab      | Identified the Catalogue of Hexes
 28101 | Lab      | Identified the Compendium of Augmentations
 29102 | Lair:1   | Got a steaming plate armour
 29113 | Lair:1   | Identified the +0 plate armour of Leapfrog {rF+ Int+2} (You acquired it on level 1 of the Lair of Beasts)
 29271 | D:14     | Found Wikh's Food Emporium.
 29280 | D:14     | Found Ucucreifu's Antique Weapon Shoppe.
 29349 | D:14     | Found Zusuraps's Gadget Shop.
 29393 | D:14     | Noticed Roxanne
 29479 | D:14     | Found a gate to the Vaults.
 29533 | D:14     | Found Wallim's Armour Shop.
 29875 | D:14     | Reached XP level 15. HP: 106/106 MP: 23/23
 29884 | D:14     | Found Kurar's Weapon Emporium.
 30056 | D:15     | Entered Level 15 of the Dungeon
 30309 | D:15     | Noticed Azrael
 30411 | D:15     | Killed Azrael
 30816 | D:15     | Reached skill level 10 in Evocations
 30913 | D:15     | Found a staircase to the Depths.
 31244 | Spider:1 | Entered Level 1 of the Spider Nest
 31358 | Spider:2 | Noticed Aizul
 31380 | Spider:2 | Killed Aizul
 31380 | Spider:2 | Reached skill level 10 in Armour
 32558 | Spider:1 | Noticed Rupert
 32842 | Swamp:1  | Entered Level 1 of the Swamp
 35287 | Swamp:3  | Reached XP level 16. HP: 113/114 MP: 24/24
 35683 | Swamp:3  | Noticed Jorgrun
 35915 | Swamp:3  | Noticed Kirke
 35939 | Swamp:3  | Killed Kirke
 35977 | Swamp:4  | Entered Level 4 of the Swamp
 36645 | Swamp:3  | Killed Jorgrun
 37412 | Swamp:4  | Reached skill level 10 in Throwing
 38270 | Swamp:4  | Noticed the 27-headed Lernaean hydra
 38325 | Swamp:4  | Killed the 27-headed Lernaean hydra
 38410 | Swamp:4  | Got a decaying rune of Zot
 38432 | Swamp:4  | Noticed Mara
 38948 | Lair:4   | Killed Rupert
 39412 | Spider:1 | HP: 5/116 [poisoned by an emperor scorpion]
 39417 | Spider:1 | HP: 5/116 [poisoned by an emperor scorpion]
 39422 | Spider:1 | HP: 5/116 [poisoned by an emperor scorpion]
 39781 | Spider:1 | You fall through a shaft!
 40298 | Spider:2 | Noticed Agnes
 40326 | Spider:2 | Killed Agnes
 41036 | Spider:3 | Reached XP level 17. HP: 121/121 MP: 26/26
 42610 | Spider:4 | Entered Level 4 of the Spider Nest
 43568 | Swamp:4  | Noticed Haldmier's illusion
 43864 | Swamp:4  | Noticed Haldmier's illusion
 43885 | Swamp:4  | Killed Mara
 45733 | Spider:4 | Reached XP level 18. HP: 128/128 MP: 28/28
 45935 | Spider:4 | Got a gossamer rune of Zot
 46207 | Lair:1   | Got a fine cloak
 46218 | Lair:1   | Identified the +1 cloak of Hurot {rElec rPois rCorr Dex-2} (You acquired it on level 1 of the Lair of Beasts)
 46348 | Vaults:1 | Entered Level 1 of the Vaults
 46664 | Vaults:1 | Got a smoking plate armour
 46684 | Vaults:1 | Identified the cursed +1 plate armour "Taihir" {Slay+3} (You found it on level 1 of the Vaults)
 47085 | Vaults:1 | Noticed Saint Roka
 47250 | Vaults:2 | Noticed Sojobo
 47768 | Vaults:2 | Noticed Xtahua
 47794 | Vaults:2 | Killed Xtahua
 48016 | Vaults:1 | Got a warped leather armour
 48497 | Vaults:1 | Identified the +4 leather armour of the Cooper {+Fly rPois Int-5 Dex+4} (You found it on level 1 of the Vaults)
 48860 | Elf:1    | Entered Level 1 of the Elven Halls
 49128 | Elf:1    | Got a faintly glowing trident
 49623 | Elf:1    | Reached XP level 19. HP: 137/137 MP: 29/29
 50531 | Elf:2    | Found a large runed door.
 50531 | Elf:2    | Found a large runed door.
 50564 | Elf:2    | Found a large runed door.
 50564 | Elf:2    | Found a large runed door.
 51563 | Elf:2    | Reached skill level 15 in Shields
 51682 | Elf:3    | Entered Level 3 of the Elven Halls
 52160 | Elf:3    | Noticed Asterion
 52208 | Elf:3    | Killed Asterion
 52582 | Elf:3    | Reached skill level 10 in Stealth
 53190 | Elf:3    | Cast into level 3 of the Abyss (a deep elf demonologist)
 53314 | Elf:3    | Escaped the Abyss
 53525 | Elf:3    | Found Naddaxt's Food Shop.
 54044 | Elf:3    | Got a smoking spear {venom}
 54112 | Elf:3    | Got a polished chain mail
 54127 | Elf:3    | Got an ivory short sword {drain}
 54139 | Elf:3    | Identified the cursed +0 chain mail "Soecy" {rF+ Regen+ rCorr} (You took it off a deep elf high priest on level 3 of the Elven Halls)
 54171 | Elf:3    | Reached XP level 20. HP: 144/144 MP: 30/30
 54182 | Elf:3    | Identified the Collected Works on Displacement and Ice
 55170 | Lair:1   | Identified the +8 trident of Ilippe {pierce, MR+ Dex+2 Stlth-} (You found it on level 1 of the Elven Halls)
 55171 | Lair:1   | Identified the +9 short sword of Wijoki {drain, rF+} (You took it off a deep elf death mage on level 3 of the Elven Halls)
 55172 | Lair:1   | Identified the +4 spear "Depatz" {venom, rPois rC+ Int-4 Dex+3} (You took it off a deep elf annihilator on level 3 of the Elven Halls)
 55222 | Lair:1   | Learned a level 1 spell: Apportation
 55225 | Lair:1   | Learned a level 2 spell: Shroud of Golubria
 55229 | Lair:1   | Learned a level 3 spell: Portal Projectile
 55361 | Orc:2    | Bought a book of Minor Magic for 280 gold pieces
 55364 | Orc:2    | Learned a level 2 spell: Blink
 55366 | Orc:2    | Bought a scroll of silence for 127 gold pieces
 55366 | Orc:2    | Bought a scroll of enchant armour for 127 gold pieces
 55368 | Orc:2    | Bought a scroll of summoning for 152 gold pieces
 55492 | Lair:1   | Learned a level 1 spell: Summon Butterflies
 55503 | Lair:1   | Got an ichor-stained buckler
 55514 | Lair:1   | Identified the +0 buckler "Digir" {+Blink Int-4 Dex+3} (You acquired it on level 1 of the Lair of Beasts)
 55706 | Vaults:1 | Reached skill level 1 in Translocations
 55870 | Vaults:1 | Reached skill level 2 in Translocations
 55912 | Vaults:1 | Reached skill level 1 in Spellcasting
 55955 | Vaults:1 | Reached skill level 1 in Summonings
 56031 | Vaults:1 | Reached skill level 3 in Translocations
 56130 | Vaults:2 | Killed Sojobo
 56130 | Vaults:2 | Reached skill level 4 in Translocations
 56671 | Vaults:2 | Reached skill level 5 in Translocations
 56903 | Vaults:2 | Noticed a bone dragon
 56933 | Vaults:2 | Killed a bone dragon
 56933 | Vaults:2 | Reached skill level 1 in Charms
 56933 | Vaults:2 | Reached skill level 6 in Translocations
 56991 | Vaults:2 | Found a staircase to the Crypt.
 57299 | Vaults:3 | Reached skill level 7 in Translocations
 57491 | Vaults:3 | Noticed Jory
 57822 | Vaults:3 | Reached skill level 8 in Translocations
 58158 | Vaults:3 | Reached skill level 9 in Translocations
 58424 | Vaults:3 | Killed Jory
 58424 | Vaults:3 | Reached skill level 5 in Charms
 58571 | Vaults:3 | Reached skill level 5 in Summonings
 58671 | Vaults:3 | Found a roughly hewn altar of Beogh.
 58731 | Vaults:3 | Reached skill level 10 in Translocations
 59232 | Vaults:3 | Reached XP level 21. HP: 149/149 MP: 31/31
 59501 | Vaults:4 | Reached skill level 11 in Translocations
 60584 | Vaults:4 | Reached skill level 12 in Translocations
 60920 | Vaults:1 | Killed Saint Roka
 61744 | Lair:1   | Learned a level 3 spell: Lesser Beckoning
 61753 | Lair:1   | Learned a level 8 spell: Controlled Blink
 61756 | Lair:1   | Learned a level 2 spell: Swiftness
 61891 | Slime:1  | Entered Level 1 of the Pits of Slime
 61947 | Slime:1  | Reached skill level 1 in Air Magic
 61962 | Slime:1  | Gained mutation: You expend magic power (3 MP) to strengthen your wands. [a shining eye]
 62392 | Slime:5  | Entered Level 5 of the Pits of Slime
 62709 | Slime:5  | Reached skill level 13 in Translocations
 62929 | Slime:4  | Reached skill level 5 in Air Magic
 63517 | Slime:5  | Noticed the Royal Jelly
 63638 | Slime:5  | Found a viscous altar of Jiyva.
 63702 | Slime:5  | Reached skill level 15 in Throwing
 63702 | Slime:5  | Reached XP level 22. HP: 154/154 MP: 28/32
 63789 | Slime:5  | Killed the Royal Jelly
 63789 | Slime:5  | Reached skill level 14 in Translocations
 63899 | Slime:5  | Got a slimy rune of Zot
 63909 | Slime:5  | Got a slimy marble ring
 63924 | Slime:5  | Got an iridescent scimitar
 63939 | Slime:5  | Got a bloodstained scale mail
 63942 | Slime:5  | Got a brightly glowing mace
 63966 | Slime:5  | Identified the ring of the Doge {+Blink rElec rPois Int+3 SInv} (You found it on level 5 of the Pits of Slime)
 63984 | Slime:5  | Identified the Papyrus of Assistive Cold
 64011 | Slime:5  | Identified the cursed +1 scale mail of the Country {rF++ Str+6 Slay-5} (You found it on level 5 of the Pits of Slime)
 64038 | Slime:5  | Got a pitted flail
 64043 | Slime:5  | Identified the +10 flail of Gycwapoz {crush, rC+ MR+ Dex+3} (You found it on level 5 of the Pits of Slime)
 64044 | Slime:5  | Identified the cursed +2 mace "Peetio" {speed, rN+ Str+3} (You found it on level 5 of the Pits of Slime)
 64046 | Slime:5  | Identified the +7 scimitar of the Hero {drain, Str+4 Int+5} (You found it on level 5 of the Pits of Slime)
 64061 | Slime:5  | Identified the Incunabulum of Scorching Self-Improvement
 64713 | D:15     | Found a blossoming altar of Fedhas.
 64897 | D:15     | Found a deep blue altar of Sif Muna.
 65089 | Depths:1 | Entered Level 1 of the Depths
 65342 | Depths:1 | Found a gateway to Hell.
 65590 | Depths:1 | Found a gateway to a ziggurat.
 65942 | Depths:1 | Got an ancient scale mail
 65997 | Depths:1 | Found Airakoxt's Alliterative Accessories.
 66529 | Depths:1 | Reached skill level 15 in Translocations
 66738 | Depths:2 | Noticed a golden dragon
 66847 | Depths:2 | Killed a golden dragon
 67307 | Depths:2 | Gained mutation: You are resistant to electric shocks. (rElec) [a shining eye]
 67309 | Depths:2 | Gained mutation: Your magical capacity is low. (-10% MP) [a shining eye]
 67434 | Depths:2 | Paralysed by a floating eye for 2 turns
 67810 | Depths:2 | Reached skill level 16 in Translocations
 68461 | Depths:2 | Noticed a golden dragon
 68505 | Depths:2 | Killed a golden dragon
 68721 | Depths:2 | Got a glittering glass ring
 68742 | Depths:2 | Identified the ring "Niofey" {+Blink rN+ Str+2 Int+4 SInv} (You found it on level 2 of the Depths)
 68773 | Depths:2 | Identified the cursed +1 scale mail of the Boiling Point {MR+ Dex+3 Stlth+} (You found it on level 1 of the Depths)
 68822 | Depths:2 | Got a translucent great sword
 68823 | Depths:2 | Identified the +9 great sword of Corruption {flame, rC+} (You found it on level 2 of the Depths)
 68912 | Depths:3 | Noticed Bai Suzhen
 68942 | Depths:2 | Killed Bai Suzhen
 69036 | Depths:3 | Reached XP level 23. HP: 114/160 MP: 30/30
 69180 | Depths:3 | Found a one-way gate leading to the halls of Pandemonium.
 69428 | Lair:1   | Got a steaming shield
 69439 | Lair:1   | Identified the +1 shield of Autumn {rC- Regen+ MP+9} (You acquired it on level 1 of the Lair of Beasts)
 69662 | Depths:3 | Reached skill level 15 in Fighting
 69812 | Depths:3 | Noticed an ancient lich
 70397 | Depths:3 | Killed an ancient lich
 70397 | Depths:3 | Reached skill level 15 in Dodging
 70802 | Depths:3 | Identified the Volume of Black Rites
 71273 | Depths:3 | Found a one-way gate to the infinite horrors of the Abyss.
 71520 | Depths:3 | Noticed a greater mummy
 71540 | Depths:3 | Killed a greater mummy
 71877 | Depths:3 | Got a transparent executioner's axe
 71886 | Depths:3 | Noticed a greater mummy
 71905 | Depths:3 | Killed a greater mummy
 72430 | Depths:4 | Reached skill level 17 in Translocations
 72599 | Depths:4 | Noticed a caustic shrike
 72599 | Depths:4 | a shadow dragon changed into a caustic shrike
 72601 | Depths:4 | Noticed a caustic shrike
 72601 | Depths:4 | an iron dragon changed into a caustic shrike
 72602 | Depths:4 | a caustic shrike changed into an iron giant
 72608 | Depths:4 | a caustic shrike changed into a frost giant
 72682 | Depths:4 | Reached skill level 18 in Translocations
 72753 | Depths:4 | Noticed a caustic shrike
 72753 | Depths:4 | a shadow dragon changed into a caustic shrike
 72754 | Depths:4 | a caustic shrike changed into a shadow dragon
 73073 | Depths:4 | Reached XP level 24. HP: 140/169 MP: 27/30
 73160 | Depths:4 | Got a brightly glowing shield
 73225 | Depths:4 | Got a steaming mace
 73270 | Depths:4 | Reached skill level 19 in Translocations
 73504 | Depths:4 | Identified the +5 shield "Ebimpergh" {rPois Regen+ Str-5} (You found it on level 4 of the Depths)
 73839 | Depths:4 | Got a brightly glowing silver ring
 73895 | Depths:4 | Identified the ring of Poimuafu {rElec Str+4 Stlth-} (You took it off a spriggan air mage on level 4 of the Depths)
 73956 | Depths:4 | Reached skill level 20 in Translocations
 74473 | Lair:1   | Learned a level 8 spell: Disjunction
 74771 | D:14     | Killed Roxanne
 74772 | D:14     | Identified Roxanne's Tome of Earth (You took it off Roxanne on level 14 of the Dungeon)
 75289 | Depths:5 | Entered Level 5 of the Depths
 75678 | Depths:5 | Reached skill level 21 in Translocations
 75892 | Depths:5 | Noticed Frederick
 75943 | Depths:5 | Killed Frederick
 76557 | Depths:5 | Found a gate to the Realm of Zot.
 76567 | Zot:1    | Entered Level 1 of the Realm of Zot
 76755 | Zot:1    | Reached skill level 22 in Translocations
 78221 | Zot:1    | Reached skill level 23 in Translocations
 78663 | Zot:1    | Reached XP level 25. HP: 145/171 MP: 19/30
 79603 | Zot:3    | Reached skill level 24 in Translocations
 81595 | Zot:4    | Reached skill level 25 in Translocations
 82073 | Zot:3    | HP: 3/171 [death cob (15)]
 82075 | Zot:3    | Mangled by a death cob

Skill      XL: |  1  2  3  4  5  6  7  8  9 10 11 12 13 14 15 16 17 18 19 20 21 22 23 24 25 |
---------------+----------------------------------------------------------------------------+-----
Long Blades    | 3 4 5 6 7 9 10 11 12 13 14 | 14.1
Dodging        | 2 3 5 6 8 9 10 11 12 13 14 15 | 15.7
Armour         | 3 4 5 6 7 8 9 10 11 12 13 | 13.6
Shields        | 3 4 5 6 7 8 9 10 11 12 13 15 | 15.1
Fighting       | 4 5 6 7 9 10 11 12 13 14 16 | 16.0
Evocations     | 3 6 8 9 10 11 12 13 | 13.0
Stealth        | 4 5 13 | 13.5
Throwing       | 1 6 8 11 12 13 15 16 | 16.7
Translocations | 10 13 16 18 23 25 | 25.4
Spellcasting   | 4 |  4.0
Summonings     | 5 |  5.0
Charms         | 5 |  5.0
Air Magic      | 6 |  6.0

Action                   |  1- 3 |  4- 6 |  7- 9 | 10-12 | 13-15 | 16-18 | 19-21 | 22-24 | 25-27 || total
-------------------------+-------+-------+-------+-------+-------+-------+-------+-------+-------++-------
Melee: Long sword        |   121 |   286 |   462 |       |       |       |       |       |       ||   869
       Falchion          |       |       |    71 |   812 |  2432 |  1143 |       |       |       ||  4458
       Unarmed           |       |       |       |     4 |       |       |       |       |       ||     4
       Demon blade       |       |       |       |       |       |  1230 |  2659 |  3605 |   807 ||  8301
       Scimitar          |       |       |       |       |       |       |       |    29 |       ||    29
 Fire: Hunting sling     |       |    48 |     4 |       |       |       |       |       |       ||    52
Throw: Tomahawk          |       |       |    29 |    13 |    84 |   280 |   200 |    73 |     5 ||   684
       Javelin           |       |       |       |       |     3 |       |     8 |       |       ||    11
 Cast: Shroud of Golubri |       |       |       |       |       |       |     5 |    44 |    13 ||    62
       Summon Butterflie |       |       |       |       |       |       |    10 |       |       ||    10
       Portal Projectile |       |       |       |       |       |       |     5 |     2 |       ||     7
       Lesser Beckoning  |       |       |       |       |       |       |     4 |    20 |    20 ||    44
       Apportation       |       |       |       |       |       |       |     1 |       |       ||     1
       Blink             |       |       |       |       |       |       |       |     2 |     4 ||     6
Invok: Shadow Step       |       |       |       |       |     1 |     2 |     2 |     2 |       ||     7
 Abil: Evoke Flight      |       |       |       |       |       |       |       |     1 |       ||     1
       Evoke Invisibilit |       |       |       |       |       |       |       |     1 |       ||     1
Evoke: Wand              |       |       |       |    16 |    26 |    26 |     5 |     2 |       ||    75
       Disc of storms    |       |       |       |     3 |     4 |       |       |     1 |       ||     8
       Fan of gales      |       |       |       |     2 |     2 |     1 |     1 |       |       ||     6
       Box of beasts     |       |       |       |       |       |       |     1 |       |       ||     1
       Phial of floods   |       |       |       |       |       |       |       |     1 |       ||     1
  Use: Scroll            |       |     6 |    13 |     8 |    20 |    14 |     9 |    13 |    10 ||    93
       Potion            |       |     1 |       |       |     8 |    13 |       |     2 |     2 ||    26
 Stab: Distracted        |       |       |     1 |       |     4 |     2 |     6 |    17 |       ||    30
       Sleeping          |       |       |     1 |       |    21 |    10 |    33 |    28 |     5 ||    98
       Confused          |       |       |       |       |     1 |       |       |     2 |       ||     3
       Petrifying        |       |       |       |       |       |       |       |     1 |       ||     1
       Invisible         |       |       |       |       |       |       |       |     2 |       ||     2
  Eat: Chunk             |       |    10 |    17 |    28 |    50 |    42 |    36 |    41 |    14 ||   238
       Pizza             |       |     1 |       |       |     2 |       |     1 |     1 |       ||     5
       Fruit             |       |       |     1 |       |     1 |     3 |    10 |     6 |       ||    21
       Royal jelly       |       |       |       |       |     1 |     1 |     1 |       |       ||     3
       Beef jerky        |       |       |       |       |       |     4 |     1 |     1 |       ||     6
       Bread ration      |       |       |       |       |       |     1 |     2 |     2 |       ||     5
Armor: Scale mail        |    77 |    97 |       |       |       |       |       |       |       ||   174
       Ring mail         |       |     2 |    99 |    30 |   176 |   110 |   328 |   624 |    60 ||  1429
       Chain mail        |       |       |       |   122 |   302 |   474 |     6 |       |       ||   904
       Swamp dragon scal |       |       |       |       |       |   118 |       |       |       ||   118
       Fire dragon scale |       |       |       |       |       |       |       |       |   107 ||   107
Dodge: Dodged            |    45 |    65 |   138 |   238 |   837 |  1218 |   892 |  1681 |   360 ||  5474
Block: Shield            |    78 |   113 |   224 |   353 |  1079 |  1452 |  1086 |  1959 |   507 ||  6851
       Rpst.: Long sword |    13 |    23 |    33 |       |       |       |       |       |       ||    69
       Falchion          |       |       |     7 |    51 |   180 |   102 |       |       |       ||   340
       Demon blade       |       |       |       |       |       |   119 |   190 |   317 |    66 ||   692
       Scimitar          |       |       |       |       |       |       |       |     6 |       ||     6
